 Dungeon Crawl Stone Soup version 0.25.1-2-g60ff931df9 (webtiles) character file.

Game seed: 16535074487421760267

28 ubername the Sneak (level 3, -2/25 HPs)
             Began as an Octopode Assassin on Nov 18, 2020.
             Slain by Sigmund
             ... wielding a +2 antimagic scythe
              (14 damage)
             ... on level 2 of the Dungeon.
             The game lasted 00:02:20 (1449 turns).

ubername the Sneak (Octopode Assassin)              Turns: 1449, Time: 00:02:21

Health: -2/25      AC:  1    Str: 11    XL:     3   Next: 12%
Magic:  3/3        EV: 17    Int: 13    God:
Gold:   61         SH:  0    Dex: 13    Spells: 2/2 levels left

rFire    . . .     SeeInvis .   a - +2 dagger
rCold    . . .     Gourm    .   (no shield)
rNeg     . . .     Faith    .   (helmet restricted)
rPois    .         Spirit   .   (no amulet)
rElec    .         Reflect  .   j - +4 ring of evasion
rCorr    .         Harm     .   (no ring)
MR       .....                  (no ring)
Stlth    ++++......             (no ring)
HPRegen  0.08/turn              (no ring)
MPRegen  0.08/turn              (no ring)
                                (no ring)
                                (no ring)

@: lethally poisoned (-2 -> -7)
A: almost no armour, stealthy swim, amphibious, 8 rings, constrict 8, camouflage
1, gelatinous body 1
a: no special abilities


You were on level 2 of the Dungeon.
You were hungry.

You visited 1 branch of the dungeon, and saw 2 of its levels.

You collected 61 gold pieces.

Inventory:

Hand Weapons
 a - a +2 dagger (weapon)
 e - a +1 short sword of protection
 f - a +0 dagger
Missiles
 b - 3 poisoned darts (quivered)
 c - 2 curare-tipped darts
Jewellery
 j - a +4 ring of evasion (left tentacle)
Potions
 g - a potion of curing {unknown}
 h - a potion of flight {unknown}
Comestibles
 d - a ration
 k - 3 chunks of flesh


   Skills:
 + Level 2.4 Fighting
 + Level 2.3 Short Blades
 + Level 2.3 Throwing
 + Level 1.0 Dodging
 + Level 5.7 Stealth


You had 2 spell levels left.
You didn't know any spells.
Your spell library was empty.

Dungeon Overview and Level Annotations

Branches:
Dungeon (2/15)

Altars:

Annotations:
D:2 Sigmund


Innate Abilities, Weirdness & Mutations

You cannot wear most types of armour.
You are very stealthy in the water. (Stealth+)
You are amphibious.
You can wear up to eight rings at the same time.
You can use your tentacles to constrict eight enemies at once.
Your skin changes colour to match your surroundings (Stealth+).
Your rubbery body absorbs attacks. (AC +1, EV +1)


Message History

The frilled lizard hisses angrily.
An adder comes into view.
A rat comes into view.
A goblin comes into view. It is wielding a +0 dagger.
The adder hisses angrily.
Sigmund screams, "Only death can liberate you!"
The frilled lizard bites you.
You barely miss the frilled lizard. Your grab misses the frilled lizard.
Your squeeze misses the frilled lizard. The frilled lizard misses you.
You hit the frilled lizard.
You kill the frilled lizard!
The adder closely misses you. Sigmund gestures at you while chanting.
You resist with significant effort. The adder bites you.
You are poisoned.
The adder poisons you!
You feel sick. The adder closely misses you.
Sigmund hits you from afar with a +2 antimagic scythe!
Ouch! That really hurt!
You die...

#...... ##......
......# #.....#
.. #..... ....
##...#
.#.#.##..g.#####
...#.....S@....#
...............#
........@l.....#
...............#
.(.......#.#####
........##r#
........##.#
#...###..#..
#... ##....


You could see Sigmund (poisoned), an adder, a goblin, a frilled lizard and a
rat.

Vanquished Creatures
  A dart slug (D:1)
  2 leopard geckos (D:1)
  A bat (D:1)
  3 goblins (D:1)
  4 hobgoblins
  4 frilled lizards
  3 kobolds (D:1)
  6 rats (D:1)
24 creatures vanquished.

Notes
Turn   | Place    | Note
-------+----------+-------------------------------------------
     0 | D:1      | ubername the Octopode Assassin began the quest for the Orb.
     0 | D:1      | Reached XP level 1. HP: 14/14 MP: 1/1
   354 | D:1      | Reached XP level 2. HP: 17/20 MP: 2/2
  1247 | D:1      | Reached XP level 3. HP: 19/25 MP: 3/3
  1439 | D:2      | Noticed Sigmund
  1449 | D:2      | Slain by Sigmund

Illustrated notes

Levels and vault maps discovered:
D:1:      grunt_arrival_crossed_arrows, layout_basic
D:2:      layout_rooms, uniq_sigmund, uniq_jessica

Action                   || total
-------------------------++-------
Melee: Dagger            ||    35
       Constrict         ||    12
       Tentacles         ||     5
Throw: Dart              ||    27
  Use: Scroll            ||     3
 Stab: Sleeping          ||     1
  Eat: Chunk             ||     1
Armor: Skin              ||     1
Dodge: Dodged            ||    16
